General information
			
			
        
        - name: corr dies
 
        - type: Custom game
 
        - host: greedoFthenoob
 
        - saver: greedoFthenoob
 
        
map: GnollWood 
        - players: 2
 
        - length: 22:02
 
        - speed: Fast
 - version: 1.22 W3XP
 - replay type:  Public
 
» download(77 KB)
Players
        team 1 (loser) 
              
              
greedoFthenoob (
pink | 82 APM | 1816 actions | 22:02)
              
 3 Archmage 
 2 Summon Water Elemental
 1 Brilliance Aura
 3 Mountain King 
 2 Storm Bolt
 1 Bash
 
                » actions 
                
                | Assign group hotkey | 34 |  | 
| Basic commands | 70 |  | 
| Build / train | 66 |  | 
| ESC pressed | 3 |  | 
| Enter build submenu | 21 |  | 
| Enter hero's abilities submenu | 6 |  | 
| Give item / drop item | 4 |  | 
| Right click | 912 |  | 
| Select / deselect | 525 |  | 
| Select group hotkey | 105 |  | 
| Use ability | 70 |  | 
                1816 total
 » units 
                
                | Peasant | 15 |  | 
| Footman | 3 |  | 
| Rifleman | 12 |  | 
| Mortar Team | 7 |  | 
| Sorceress | 4 |  | 
| Priest | 1 |  | 
                42 total
 » upgrades
                
                | Long Rifles | 1 |  | 
| Gunpowder | 1 |  | 
| Sorceress Training | 1 |  | 
                3 total
 » buildings
                
                | Altar of Kings | 1 |  | 
| Farm | 10 |  | 
| Barracks | 1 |  | 
| Scout Tower | 1 |  | 
| Arcane Tower | 1 |  | 
| Blacksmith | 1 |  | 
| Arcane Vault | 2 |  | 
| Keep | 1 |  | 
| Arcane Sanctum | 1 |  | 
| Workshop | 1 |  | 
| Castle | 1 |  | 
                21 total
 » build order
                00:04 Altar of Kings
00:13 Farm
00:17 Barracks
00:54 Farm
01:38 Farm
01:50 Scout Tower
02:39 Arcane Tower
02:59 Blacksmith
03:48 Arcane Vault
04:15 Keep
05:20 Farm
05:45 Farm
06:22 Farm
07:07 Arcane Sanctum
07:13 Workshop
09:02 Farm
09:56 Farm
10:42 Arcane Vault
10:44 Farm
15:31 Farm
18:30 Castle
» items
                
                | Boots of Speed | 1 |  | 
| Dust of Appearance | 1 |  | 
| Potion of Mana | 1 |  | 
| Scroll of Regeneration | 1 |  | 
| Potion of Lesser Invulnerability | 2 |  | 
| Scroll of Healing | 2 |  | 
| Scroll of Town Portal | 2 |  | 
                10 total
  
               team 2 (winner) 
              
              
ATOUCHOFHERLIPS (
orange | 116 APM | 2559 actions | 22:02)
              
 4 Demon Hunter 
 2 Mana Burn
 2 Evasion
 5 Keeper of the Grove 
 3 Entangling Roots
 2 Thorns Aura
 
                » actions 
                
                | Assign group hotkey | 134 |  | 
| Basic commands | 12 |  | 
| Build / train | 65 |  | 
| Enter build submenu | 19 |  | 
| Enter hero's abilities submenu | 9 |  | 
| Give item / drop item | 2 |  | 
| Remove unit from queue | 6 |  | 
| Right click | 967 |  | 
| Select / deselect | 286 |  | 
| Select group hotkey | 952 |  | 
| Use ability | 107 |  | 
                2559 total
 » units 
                
                | Wisp | 14 |  | 
| Huntress | 3 |  | 
| Dryad | 10 |  | 
| Chimaera | 2 |  | 
                29 total
 » upgrades
                
                | Strength of the Wild | 3 |  | 
| Abolish Magic | 1 |  | 
| Druid of the Claw Training | 2 |  | 
| Reinforced Hides | 1 |  | 
                7 total
 » buildings
                
                | Altar of Elders | 1 |  | 
| Moon Well | 5 |  | 
| Hunter's Hall | 1 |  | 
| Ancient of War | 2 |  | 
| Tree of Ages | 1 |  | 
| Ancient of Lore | 3 |  | 
| Ancient of Wonders | 1 |  | 
| Tree of Eternity | 1 |  | 
| Tree of Life | 1 |  | 
| Ancient of Wind | 1 |  | 
| Chimaera Roost | 1 |  | 
                18 total
 » build order
                00:08 Altar of Elders
00:19 Moon Well
01:52 Hunter's Hall
01:54 Ancient of War
02:29 Ancient of War
03:03 Tree of Ages
03:37 Moon Well
05:16 Moon Well
06:01 Ancient of Lore
06:08 Ancient of Lore
07:15 Moon Well
08:42 Ancient of Wonders
10:01 Tree of Eternity
15:00 Ancient of Lore
15:25 Tree of Life
16:12 Ancient of Wind
17:40 Chimaera Roost
17:48 Moon Well
» items
                
                | Boots of Speed | 1 |  | 
| Staff of Teleportation | 1 |  | 
| Scroll of Healing | 1 |  | 
| Moonstone | 1 |  | 
| Potion of Healing | 1 |  | 
| Orb of Venom | 1 |  | 
| Anti-magic Potion | 1 |  | 
| Scroll of Town Portal | 1 |  | 
| Staff of Preservation | 1 |  | 
| Dust of Appearance | 1 |  | 
                10 total
  
                Chat log
          (00:27 / All) ATOUCHOFHERLIPS: GG GL SIR
(00:33 / All) greedoFthenoob: fuck your mother
(00:37 / All) ATOUCHOFHERLIPS: MANNER LOL
(01:19 / All) greedoFthenoob: lmao nigga pick 
(01:22 / All) greedoFthenoob: large imba map
(01:29 / All) ATOUCHOFHERLIPS: ZZZ
(01:34 / All) ATOUCHOFHERLIPS: RDY?
(01:35 / All) greedoFthenoob: wtf
(01:36 / All) greedoFthenoob: was afk
(01:42 / All) ATOUCHOFHERLIPS: on vent with turk lol
(01:46 / All) greedoFthenoob: lmao
(03:22 / All) greedoFthenoob: LAG
(05:03 / All) greedoFthenoob: greed of the noob?
(05:08 / All) ATOUCHOFHERLIPS: SIGH
(05:53 / All) ATOUCHOFHERLIPS: no tav
(06:02 / All) ATOUCHOFHERLIPS: OWNED!
(16:58 / All) greedoFthenoob: GOOD GAME FAGGOT
(20:45 / All) greedoFthenoob: ~WTF
(20:46 / All) greedoFthenoob: WT
(20:48 / All) greedoFthenoob: F
(20:57 / All) greedoFthenoob: cant defeat hacks
(21:09 / All) greedoFthenoob: hacks cant be beat
(21:12 / All) greedoFthenoob: im shocked
(21:14 / All) greedoFthenoob: im appalled
(21:20 / All) greedoFthenoob: hacks cant be beat
(21:26 / All) greedoFthenoob: hacks cant be beat
(21:30 / All) greedoFthenoob: if you're watching this
(21:32 / All) greedoFthenoob: take pity on corr
(21:35 / All) ATOUCHOFHERLIPS: LOL
(21:37 / All) greedoFthenoob: he cheats his fellow bretheren
(21:43 / All) ATOUCHOFHERLIPS: I PLAYED SO BAD
(21:45 / All) greedoFthenoob: hacks in a friendly game
(21:52 / All) greedoFthenoob: that's what you want to call the replay
(22:00 / All) greedoFthenoob: enjoy garbage